 Dungeon Crawl Stone Soup version 0.30-a0-331-g8ab09dc110 (webtiles) character file.

Game seed: 12442980701236889854

49 oldriver the Magician (level 4, 0/32 HPs)
             Began as a Human Hedge Wizard on Oct 29, 2022.
             Succumbed to an adder's poison
             ... on level 2 of the Dungeon.
             The game lasted 00:02:24 (2250 turns).

oldriver the Magician (Human Hedge Wizard)          Turns: 2250, Time: 00:02:24

Health: 0/32       AC:  3    Str: 10    XL:     4   Next: 2%
Magic:  0/9        EV: 12    Int: 17    God:
Gold:   81         SH:  0    Dex: 12    Spells: 4/10 levels left

rFire   . . .      SeeInvis .    a - +0 dagger
rCold   . . .      Faith    .    (no shield)
rNeg    . . .      Spirit   .    b - +0 robe
rPois   .          Reflect  .    c - +0 hat
rElec   .          Harm     .    (no cloak)
rCorr   .          Rampage  .    i - +0 pair of gloves
Will    .....                    (no boots)
Stlth   ++........               (no amulet)
HPRegen 0.25/turn                (no ring)
MPRegen 0.11/turn                (no ring)

@: lethally poisoned (0 -> -5)
A: no striking features
a: no special abilities


You were on level 2 of the Dungeon.
You visited 1 branch of the dungeon, and saw 2 of its levels.

You collected 81 gold pieces.

Inventory:

Hand Weapons
 a - a +0 dagger (weapon)
Armour
 b - a +0 robe (worn)
 c - a +0 hat (worn)
 i - a +0 pair of gloves (worn)
Jewellery
 l - a +4 ring of protection
Scrolls
 e - 5 scrolls of identify {unknown}
 f - a scroll of fog {unknown}
 g - a scroll of poison {unknown}
 h - a scroll of teleportation {unknown}
 m - a scroll of blinking {unknown}
 o - a scroll of enchant weapon {unknown}
 p - a scroll of vulnerability {unknown}
Potions
 d - a potion of magic
 j - 2 potions of lignification {unknown}
 k - a potion of curing {unknown}
 n - a potion of attraction {unknown}
 q - a potion of degeneration {unknown}


   Skills:
 + Level 1.3 Fighting
 - Level 2.0 Dodging
 - Level 2.0 Stealth
 * Level 3.7 Spellcasting
 + Level 1.8 Conjurations
 - Level 1.0 Summonings
 - Level 1.0 Translocations


You had 4 spell levels left.
You knew the following spells:

 Your Spells              Type           Power      Damage    Failure   Level
a - Magic Dart            Conj           36%        1d4       8%          1
b - Call Imp              Summ           6%         N/A       16%         2
c - Blink                 Tloc           12%        N/A       16%         2
d - Slow                  Hex            12%        N/A       16%         1

Your spell library contained the following spells:

 Spells                   Type           Power      Damage    Failure   Level
 Cigotuvi's Dreadful Rot  Necr/Pois/Air  6%         N/A       24%         2
 Mephitic Cloud           Conj/Pois/Air  5%         N/A       36%         3


Dungeon Overview and Level Annotations

Branches:
Dungeon (2/15)

Altars:


Message History

The adder completely misses you.
You hit the adder.
The adder is almost dead.
The adder barely misses you.
Your crimson imp blinks!
You hit the adder but do no damage.
The adder is almost dead.
The adder barely misses you. The adder bites you.
You are poisoned.
The adder poisons you!
You miss the adder.
The adder is almost dead.
You feel sick. The adder barely misses you.
Your crimson imp blinks!
You miss the adder.
The adder is severely wounded.
You feel sick. The adder barely misses you.
You hit the adder.
The adder is almost dead.
You feel sick.
Your crimson imp disappears in a puff of smoke!
The adder bites you but does no damage. The adder barely misses you.
You closely miss the adder.
The adder is almost dead.
You feel sick. The adder bites you.
* * * LOW HITPOINT WARNING * * *
Casting: Call Imp (safe; 16% risk of failure)
Confirm with . or Enter, or press ? or * to list all spells.
A beastly little devil appears in a puff of flame.
You feel sick. The adder closely misses you.
Casting: Call Imp (safe; 16% risk of failure)
Confirm with . or Enter, or press ? or * to list all spells.
You don't have enough magic to cast this spell.
Unknown command.
You feel sick. The adder bites you.
* * * LOW HITPOINT WARNING * * *
You are more poisoned.
The adder poisons you!
You swap places.
You die...

...##.##'##
...##.##.############
...##...............#
...#####.##########.#
.#.#####.# #.#
.#.##....# #.#
.#..#.#### #.#
.#....#############.#
.#..>...........@5S.#
.#####.##############
.# #.# .# #.#
.#####.#####
...........#
######.###.# #.# #.#
#.###.#


You could see an adder (ally target) and a friendly crimson imp (summoned).

Vanquished Creatures
  2 adders (D:2)
  2 ball pythons
  4 endoplasms
  A giant cockroach (D:1)
  2 goblins
  7 kobolds
  7 bats
  A frilled lizard (D:1)
  3 rats
29 creatures vanquished.

Vanquished Creatures (collateral kills)
  A worm (D:2)
1 creature vanquished.

Grand Total: 30 creatures vanquished

Notes
Turn   | Place    | Note
-------+----------+-------------------------------------------
     0 | D:1      | oldriver the Human Hedge Wizard began the quest for the
                  | Orb.
     0 | D:1      | Reached XP level 1. HP: 13/13 MP: 4/4
   399 | D:1      | Reached XP level 2. HP: 16/20 MP: 1/6
   730 | D:1      | You fall into a shaft and drop 1 floor!
   756 | D:2      | Found a faded altar of an unknown god.
  1464 | D:2      | Reached XP level 3. HP: 25/25 MP: 4/7
  1745 | D:1      | Learned a level 2 spell: Call Imp
  1747 | D:1      | Learned a level 1 spell: Slow
  1750 | D:1      | Learned a level 2 spell: Blink
  1847 | D:2      | Reached skill level 1 in Fighting
  2236 | D:2      | Reached XP level 4. HP: 11/32 MP: 0/9
  2249 | D:2      | HP: 1/32 [adder (2)]
  2250 | D:2      | Succumbed to an adder's poison

Illustrated notes

Levels and vault maps discovered:
D:1:      dpeg_arrival_renting, layout_loops_ring, minmay_misc_feat_diagonals,
          minmay_surrounded
D:2:      layout_basic, hellmonk_ecumenical_altar_blasted

Skill      XL: |  1  2  3 |
---------------+----------+-----
Fighting       | 1 |  1.3
Dodging        | |  2.0
Stealth        | |  2.0
Spellcasting   | |  3.7
Conjurations   | |  1.8
Summonings     | |  1.0
Translocations | |  1.0

Action                   |  1- 3 |  4- 6 || total
-------------------------+-------+-------++-------
Melee: Dagger            |    28 |    12 ||    40
 Cast: Magic Dart        |    84 |       ||    84
       Call Imp          |     3 |     1 ||     4
       Slow              |     1 |       ||     1
 Stab: Distracted        |     1 |       ||     1
Armor: Robe              |    11 |     1 ||    12
Dodge: Dodged            |    32 |    14 ||    46

Table legend: (Time is in decaauts)
 A = Elapsed time spent in this place.
 B = Non-inter-level travel time spent in this place.
 C = Inter-level travel time spent in this place.
 D = Time resting spent in this place.
 E = Time spent auto-exploring this place.
 F = Levels seen in this place.
 G = Mean time per level.
                   A        B        C        D        E       F      G
               +--------+--------+--------+--------+--------+-----+--------+
         Total |   2251 |   2198 |     53 |    250 |   1562 |   2 | 1125.5 |
       Dungeon |   2251 |   2198 |     53 |    250 |   1562 |   2 | 1125.5 |
               +--------+--------+--------+--------+--------+-----+--------+

Top non-repeatable levels by time:
     D:1: 1309 daAuts
     D:2: 942 daAuts
